 Dungeon Crawl Stone Soup version 0.29.0-15-g675c0067aa (webtiles) character file.

Game seed: 17376067193599245049

15 qw the Sneak (level 2, -2/19 HPs)
             Began as a Gargoyle Delver on Sept 11, 2022.
             Slain by a wight
             ... wielding a +3 battleaxe
              (10 damage)
             ... on level 5 of the Dungeon.
             The game lasted 00:00:06 (218 turns).

qw the Sneak (Gargoyle Delver)                       Turns: 218, Time: 00:00:06

Health: -2/19      AC:  5    Str: 15    XL:     2   Next: 50%
Magic:  2/2        EV: 11    Int: 10    God:
Gold:   23         SH:  0    Dex: 11    Spells: 1/1 levels left

rFire   . . .      SeeInvis .   Y - +0 hand axe
rCold   . . .      Faith    .   (no shield)
rNeg    + . .      Spirit   .   b - +0 leather armour
rPois   inf        Reflect  .   (no helmet)
rElec   +          Harm     .   (no cloak)
rCorr   .          Rampage  .   (no gloves)
Will    .....                   (no boots)
Stlth   +++.......              (no amulet)
HPRegen 0.06/turn               (no ring)
MPRegen 0.08/turn               (no ring)

@: no status effects
A: sickness immunity, AC +2, negative energy resistance 1, electricity
resistance, torment resistance 1, petrification resistance
a: no special abilities


You were on level 5 of the Dungeon.
You visited 1 branch of the dungeon, and saw 1 of its levels.

You collected 23 gold pieces.


Innate Abilities, Weirdness & Mutations

You are immune to sickness and miasma.
Your stone body is resilient. (AC +2)
You are immune to poison.
You resist negative energy. (rN+)
You are resistant to electric shocks. (rElec)
You are resistant to unholy torment.
You are immune to petrification.


   Skills:
 - Level 3.2 Fighting
 + Level 2.7 Axes
 - Level 1.5 Dodging
 - Level 5.4 Stealth


You had one spell level left.
You didn't know any spells.
Your spell library was empty.

Inventory:

Hand Weapons
 a - a +0 whip
 Y - a +0 hand axe (weapon)
Armour
 b - a +0 leather armour (worn)
 c - a +0 scale mail
Wands
 g - a wand of digging (3)
Potions
 f - a potion of haste

Dungeon Overview and Level Annotations

Branches:
Dungeon (5/15)
 Temple: D:4-7

Altars:


Message History

The adder is almost dead.
The adder bites you but does no damage. x2
You hit the adder.
You kill the adder!
You have reached level 2!
You start resting.
You hear the slow hiss of an avalanche of sand nearby. x3
HP restored.
157 ||| DROPPING scroll of fog.
You drop a scroll of fog.
158 ||| DROPPING scroll of magic mapping.
You drop a scroll of magic mapping.
159 ||| DROPPING scroll of fear.
You drop a scroll of fear.
(D) Dungeon
Where to? (* - list waypoints, ? - help)
What level of the Dungeon? (default 1, ? - help) Sorry, I don't know how to get there.
Found a stone staircase leading down.
a - a +0 whip
(D) Dungeon
Where to? (* - list waypoints, Enter - D:4, ? - help)
What level of the Dungeon? (default 1, ? - help) Sorry, I don't know how to get there.
You now have 9 gold pieces.
c - a +0 scale mail You hear the slow hiss of an avalanche of sand nearby.
You now have 23 gold pieces (gained 14).
A wight comes into view. It is wielding a +3 battleaxe.
Enter note:
Enter note: 2 wights come into view.
212 ||| Stepping ~*~*~tactically~*~*~ (stealth).
You completely miss the wight. The wight closely misses you.
You hit the wight but do no damage. The wight hits you with a +3 battleaxe!
Ouch! That really hurt!
You closely miss the wight. The wight hits you with a +3 battleaxe!
Ouch! That really hurt!
You die...

#............##.# .#...
#.....####+####.##.# .
#...)?# #....# #...).#
###....# #.....# #....###
.......). #.#.#######
...........#+##.........#
...........!......#####.#
..............z@....#
................#...#
...............
................
...#####....###... ...
#.##.. #. .z #.# ... #.#
...


You could see a wight.

Vanquished Creatures
  An adder (D:5)
  3 orcs (D:5)
4 creatures vanquished.

Notes
Turn   | Place    | Note
-------+----------+-------------------------------------------
     0 | D:5      | qw the Gargoyle Delver began the quest for the Orb.
     0 | D:5      | Reached XP level 1. HP: 14/14 MP: 1/1
     0 | D:5      | 0 ||| qw: Version: 0.1-a-118-gb4e7ce6
     0 | D:5      | 0 ||| qw: Game counter: 10335
     0 | D:5      | 0 ||| qw: Always use a shield: true
     0 | D:5      | 0 ||| qw: God list: Okawaru
     0 | D:5      | 0 ||| qw: Allow faded altars: false
     0 | D:5      | 0 ||| qw: Do Orc after D:15 true
     0 | D:5      | 0 ||| qw: Do second Lair branch before Depths: true
     0 | D:5      | 0 ||| qw: Lair rune preference: random
     0 | D:5      | 0 ||| qw: Plans: Normal
     0 | D:5      | 0 ||| PLANNING D:1-11
     2 | D:5      | 2 ||| READING scroll labelled QUINNY SIVEDOI.
    37 | D:5      | Reached XP level 2. HP: 11/19 MP: 2/2
   157 | D:5      | 157 ||| DROPPING scroll of fog.
   158 | D:5      | 158 ||| DROPPING scroll of magic mapping.
   159 | D:5      | 159 ||| DROPPING scroll of fear.
   205 | D:5      | Noticed a wight
   211 | D:5      | Noticed a wight
   212 | D:5      | 212 ||| Stepping ~*~*~tactically~*~*~ (stealth).
   218 | D:5      | Slain by a wight

Levels and vault maps discovered:
D:5:      layout_basic, mainiacjoe_overflow_alcove_2,
          mainiacjoe_overflow_boulevard, jmf_multi_god_temple2, enter_ossuary_1,
          hangedman_abyss_or_decor_stagger, guppyfry_early_lair_pool

Skill      XL: |  1 |
---------------+----+-----
Axes           | 2 |  2.7
Fighting       | |  3.2
Dodging        | |  1.5
Stealth        | |  5.4

Action                   || total
-------------------------++-------
Melee: Hand axe          ||    32
  Use: Scroll            ||     1
Armor: Leather armour    ||    16
Dodge: Dodged            ||    31

Table legend:
 A = Non-vault XP
 B = Vault XP
 C = Vault XP percentage of total XP
 D = Non-vault monster count
 E = Vault monster count
 F = Vault count percentage of total count
                 A         B        C        D         E       F
            +---------+---------+-------+---------+---------+-------
      Total |      22 |       0 |   0.0 |       4 |       0 |   0.0
            +---------+---------+-------+---------+---------+-------
        D:5 |      22 |       0 |   0.0 |       4 |       0 |   0.0
            +---------+---------+-------+---------+---------+-------
